 Dungeon Crawl Stone Soup version 0.30.1-9-gdf580d7c3d (webtiles) character file.

Game seed: 1358602392908493493

102 KittyFluff the Trooper (level 4, -1/43 HPs)
             Began as a Gargoyle Berserker on Oct 19, 2023.
             Was a Believer of Trog.
             Slain by kaesle's ghost (6 damage)
             ... on level 4 of the Dungeon.
             The game lasted 00:08:09 (2275 turns).

KittyFluff the Trooper (Gargoyle Berserker)         Turns: 2275, Time: 00:08:10

Health: -1/43      AC:  7    Str: 22    XL:     4   Next: 77%
Magic:  4/4        EV: 12    Int:  8    God:    Trog [**....]
Gold:   162        SH:  0    Dex:  9    Spells: 3/3 levels left

rFire   . . .        e - +0 whip (venom)
rCold   + . .        (no shield)
rNeg    + . .        b - +0 animal skin
rPois   ∞            (no helmet)
rElec   +            t - scarf {+Inv}
rCorr   .            (no gloves)
SInv    .            d - +0 pair of boots
Will    .....        (no amulet) Stlth
                     m - ring of protection from cold
HPRegen 0.27/turn    (no ring)
MPRegen 0.09/turn

%: no passive effects
@: berserking, very quick
A: sickness immunity, AC +3, negative energy resistance 1, electricity
resistance, torment resistance 1, petrification resistance
a: Renounce Religion, Evoke Invisibility, Berserk, Trog's Hand


You were on level 4 of the Dungeon.
You worshipped Trog.
Trog was pleased with you.
You visited 1 branch of the dungeon, and saw 4 of its levels.

You collected 162 gold pieces.

Inventory:

Hand Weapons
 a - a +0 mace
 e - a +0 whip of venom (weapon)
 l - a +4 sling
Missiles
 y - 3 poisoned darts (quivered)
Armour
 b - a +0 animal skin (worn)
 d - a +0 pair of boots (worn)
 t - a scarf of invisibility (worn)
 C - +0 swamp dragon scales
Jewellery
 g - a ring of magical power
 h - a ring of magical power
 m - a ring of protection from cold (left hand)
Scrolls
 i - 2 scrolls of identify {unknown}
 j - 3 scrolls of teleportation {unknown}
 n - a scroll of fog {unknown}
 o - 2 scrolls of blinking {unknown}
 p - a scroll of silence {unknown}
 r - a scroll of fear {unknown}
 u - a scroll of poison {unknown}
 A - a scroll of noise {unknown}
 B - a scroll of brand weapon {unknown}
Potions
 c - a potion of mutation {unknown}
 f - a potion of lignification {unknown}
 k - 2 potions of degeneration {unknown}
 q - a potion of flight {unknown}
 s - a potion of attraction {unknown}
 v - a potion of brilliance {unknown}
 w - a potion of invisibility {unknown}
 x - a potion of curing {unknown}
 z - a potion of cancellation {unknown}


   Skills:
 + Level 3.8 Fighting
 * Level 3.8 Maces & Flails
 * Level 3.5 Armour
 + Level 2.1 Dodging


You had 3 spell levels left.
You didn't know any spells.
Your spell library was empty.

Dungeon Overview and Level Annotations

Branches:
Dungeon (4/15)
 Temple: D:4-7

Altars:

Annotations:
D:4 kaesle's ghost, amateur HOFi


Innate Abilities, Weirdness & Mutations

You are immune to sickness and miasma.
Your stone body is resilient. (AC +3)
You are immune to poison.
You resist negative energy. (rN+)
You are resistant to electric shocks. (rElec)
You are resistant to unholy torment.
You are immune to petrification.


Message History

You hit kaesle's ghost.
Kaesle's ghost is lightly damaged.
Kaesle's ghost barely misses you.
You hit kaesle's ghost but do no damage.
Kaesle's ghost is lightly damaged.
Kaesle's ghost closely misses you.
You closely miss kaesle's ghost.
Kaesle's ghost is lightly damaged.
Kaesle's ghost hits you but does no damage.
You closely miss kaesle's ghost.
Kaesle's ghost is lightly damaged.
Kaesle's ghost laughs crazily.
Kaesle's ghost hits you.
You hit kaesle's ghost but do no damage.
Kaesle's ghost is lightly damaged.
Kaesle's ghost hits you!
You completely miss kaesle's ghost.
Kaesle's ghost is lightly damaged.
Kaesle's ghost hits you but does no damage.
You hit kaesle's ghost but do no damage.
Kaesle's ghost is lightly damaged.
Kaesle's ghost hits you.
* * * LOW HITPOINT WARNING * * *
You closely miss kaesle's ghost.
Kaesle's ghost is lightly damaged.
A red film seems to cover your vision as you go berserk!
You feel yourself moving faster!
You feel mighty! Kaesle's ghost hits you!
* * * LOW HITPOINT WARNING * * *
You completely miss kaesle's ghost.
Kaesle's ghost is lightly damaged.
Kaesle's ghost hits you but does no damage.
You hit kaesle's ghost but do no damage.
Kaesle's ghost is lightly damaged.
Kaesle's ghost barely misses you.
You closely miss kaesle's ghost.
Kaesle's ghost is lightly damaged.
You hit kaesle's ghost.
Kaesle's ghost is lightly damaged.
Kaesle's ghost hits you.
You die...

. # .#. #.#
#.# #.# #(#
########.##
#.....#..<#
#?~~~~W@..#
#.....#...#
#######.[....
##..##...
#..# ..# ...#
## ##.# .#


You could see kaesle's ghost.

Vanquished Creatures
  5 adders
  3 worms (D:2)
  2 orcs (D:3)
  3 ball pythons
  4 endoplasms
  A giant cockroach (D:1)
  8 goblins
  4 hobgoblins
  2 jackals (D:1)
  2 quokkas
  3 bats
  4 frilled lizards
  2 kobolds
  A rat (D:2)
44 creatures vanquished.

Notes
Turn   | Place    | Note
-------+----------+-------------------------------------------
     0 | D:1      | KittyFluff the Gargoyle Berserker began the quest for the
                  | Orb.
     0 | D:1      | Reached XP level 1. HP: 14/14 MP: 1/1
   213 | D:1      | Reached XP level 2. HP: 18/19 MP: 2/2
   521 | D:2      | Reached XP level 3. HP: 23/23 MP: 3/3
   870 | D:2      | Reached XP level 4. HP: 11/29 MP: 4/4
  1312 | D:2      | Reached ** piety under Trog
  2254 | D:4      | Found a runed translucent door.
  2255 | D:4      | Noticed kaesle's ghost (amateur HOFi)
  2275 | D:4      | Slain by kaesle's ghost

Illustrated notes

Levels and vault maps discovered:
D:1:      eino_arrival_cavern_e, layout_rooms, serial_park_tiny_pond
D:2:      minmay_inner_zag, layout_basic, hangedman_glass_teeth, st_stairs_13
D:3:      layout_loops_corners
D:4:      layout_loops_ring, serial_shops, nicolae_shop_tiny_real_fake_doors,
          ebering_ghost_reflecting_pool, minmay_pentomino_pile

Skill      XL: |  1  2  3 |
---------------+----------+-----
Armour         | 3 |  3.5
Dodging        | 2 |  2.1
Fighting       | |  3.8
Maces & Flails | |  3.8

Action                     |  1- 3 |  4- 6 || total
---------------------------+-------+-------++-------
  Melee: Whip              |    92 |    60 ||   152
 Invoke: Berserk           |       |     1 ||     1
 Armour: Animal skin       |    23 |    14 ||    37
  Dodge: Dodged            |    45 |    34 ||    79
